 Dungeon Crawl Stone Soup version 0.14-a0-30-gf0b6e91 (webtiles) character file.

6149 Malachi the Basher (level 10, 0/74 HPs)
             Began as a Mummy Fighter on Sept 26, 2013.
             Was an Elder of Okawaru.
             Slain by an unseen horror (4 damage)
             ... on Level 9 of the Dungeon.
             The game lasted 00:22:35 (8457 turns).

Malachi the Basher (Mummy Fighter)                  Turns: 8457, Time: 00:22:36

HP   0/74        AC  7     Str 26      XL: 10   Next: 49%
MP   3/3         EV 10     Int  7      God: Okawaru [****..]
Gold 402         SH 23     Dex 11      Spells:  0 memorised,  9 levels left

Res.Fire  : x . .   See Invis. : .   l - +1,+5 flail "Jelly's Undoing" {antimagic, Res.Cold : + . . Warding : . w - -1 orc ring mail (curse) Life Prot.: + + + Conserve : . c - +1 shield
Res.Poison: +       Res.Corr.  : .   e - +1 wizard hat
Res.Elec. : .       Clarity    : +   d - +0 cloak
Sust.Abil.: . .     Spirit.Shd : .   (no gloves)
Res.Mut.  : .       Stasis     : .   (no boots)
Res.Rott. : +       Flight     : .   g - amulet of clarity
Saprovore : . . .                    j - +4 ring of strength
                                     f - ring of regeneration

@: somewhat resistant to hostile enchantments, extremely unstealthy
A: no food or potions, fire vulnerability, restore body, cold resistance 1, life
protection 3, poison resistance, torment resistance, unbreathing
a: Heroism, Renounce Religion


You were on level 9 of the Dungeon.
You worshipped Okawaru.
Okawaru was greatly pleased with you.
You were not hungry.

You visited 2 branches of the dungeon, and saw 10 of its levels.

You collected 382 gold pieces.

Inventory:

Hand weapons
 a - a +0,+1 mace
 l - the +1,+5 flail "Jelly's Undoing" (weapon) {antimagic, Contam rPois}
   (You found it on level 4 of the Dungeon)

   It disrupts the flow of magical energy around spellcasters and certain
   magical creatures (including the wielder).
   It protects you from poison.
   It causes magical contamination when unequipped.
Armour
 c - a +1 shield (worn)
 d - a +0 cloak (worn)
 e - a +1 wizard hat (worn)
 t - a +0 orcish plate armour
 w - a cursed -1 orcish ring mail (worn)
 x - a +0 troll hide
Magical devices
 h - a wand of cold (0)
 k - a wand of digging (10)
 q - a wand of slowing (10)
 u - a wand of magic darts (13)
 v - a wand of paralysis (6)
 y - a wand of polymorph (0) {unknown}
Scrolls
 m - 3 scrolls of amnesia
 n - 4 scrolls of identify
 r - a scroll of enchant weapon I
 C - 2 scrolls of enchant weapon II
Jewellery
 f - a ring of regeneration (left hand)
 g - an amulet of clarity (around neck)
 i - an uncursed ring of protection from fire
 j - a +4 ring of strength (right hand)
 o - a +2 ring of protection
 s - the amulet "Uxkomei" {Stasis rC+}
   (You found it on level 5 of the Dungeon)

   [amulet of stasis]

   It protects you from cold.
Books
 b - a book of Wizardry

   Spells                             Type                      Level
   Summon Elemental                   Summoning                    4
   Agony                              Necromancy                   5
   Force Lance                        Conjuration                  5
   Fireball                           Conjuration/Fire             5
   Haste                              Charms                       6
   Invisibility                       Hexes                        6
Magical staves
 p - an uncursed staff of earth {unknown}
 z - an uncursed staff of earth {unknown}


   Skills:
 + Level 5.5 Fighting
 * Level 8.2 Maces & Flails
 + Level 5.5 Armour
 + Level 5.8 Dodging
 - Level 0.1 Stealth
 + Level 6.3 Shields
 + Level 0.6 Evocations


You had 9 spell levels left.
You didn't know any spells.

Dungeon Overview and Level Annotations

Branches:
Dungeon (9/27)             Temple (1/1) D:7             Orc (0/4) D:7
   Lair: D:8-13

Altars:
Ashenzari
Cheibriados
Elyvilon
Fedhas
Kikubaaqudgha
Makhleb
Nemelex Xobeh
Okawaru
Sif Muna
Trog
Vehumet
Xom
Yredelemnul
Zin
the Shining One


Innate Abilities, Weirdness & Mutations

You do not eat or drink.
Your flesh is vulnerable to fire.
Your flesh is cold resistant.
You are immune to negative energy.
Your system is resistant to poisons.
You are immune to unholy pain and torment.
You can survive without breathing.


Message History

* * * LOW HITPOINT WARNING * * *
It hits you.
* * * LOW HITPOINT WARNING * * *
Read which item? (? for menu, Esc to quit)
Okay, then.
You see here a grape.
It hits you.
* * * LOW HITPOINT WARNING * * *
It hits you.
* * * LOW HITPOINT WARNING * * *
You see here a bottled efreet.
It hits you but does no damage.
Read which item? (? for menu, Esc to quit)
Okay, then.
It hits you.
* * * LOW HITPOINT WARNING * * *
It hits you.
* * * LOW HITPOINT WARNING * * *
It hits you.
You die...

#....%#..#####......#.###
##...##.............#....
#.###.#..################
##...##..................
##%###..................
#...##.#................
.
##.##..#...###......###.
.....#..#####...#
#......# #)
.........}...@...#
#..(...# #.
.....########...#
#......###. .#### #...#
#......#... #...#
#.....!#... #...#
#......#... #...#
#......###. #...#
#......#...
#####...###......#...
..................#...


There were no monsters in sight!

Vanquished Creatures
  The ghost of ilii the Pacifier, an experienced DDHe of Elyvilon (D:9)
  A troll (D:9)
  Prince Ribbit (D:4)
  A hungry ghost (D:9)
  3 yaks (D:9)
  3 hippogriffs
  A manticore (D:8)
  2 sky beasts
  4 orc warriors (D:7)
  A phantom (D:4)
  4 ogres
  4 ice beasts
  Sigmund (D:2)
  Duvessa (D:7)
  A water moccasin (D:9)
  A centaur (D:8)
  2 giant frogs (D:8)
  A hippogriff zombie (D:8)
  8 wights
  2 jellies
  Dowan (D:7)
  2 goliath beetles
  3 hounds
  5 crimson imps
  2 centaur skeletons (D:9)
  2 scorpions
  8 orc priests
  2 orc wizards
  A giant frog skeleton (D:8)
  5 worker ants
  4 iguanas
  3 gnolls
  12 adders
  6 worms
  A giant eyeball (D:6)
  4 giant geckos
  21 orcs
  A ball python (D:2)
  7 bats
  A bat skeleton (D:4)
  5 giant cockroaches
  10 hobgoblins
  12 jackals
  2 quokkas
  5 giant newts
  15 goblins
  A goblin skeleton (D:4)
  A hobgoblin skeleton (D:7)
  14 kobolds
  An orc skeleton (D:8)
  14 rats
  3 ballistomycetes (D:6)
217 creatures vanquished.

Vanquished Creatures (others)
  An orc warrior (D:7)
  2 orcs (D:7)
  A giant spore (D:6)
4 creatures vanquished.

Grand Total: 221 creatures vanquished

Notes
Turn   | Place    | Note
--------------------------------------------------------------
     0 | D:1      | Malachi, the Mummy Fighter, began the quest for the Orb.
     0 | D:1      | Reached XP level 1. HP: 18/18 MP: 0/0
   177 | D:1      | Reached XP level 2. HP: 24/24 MP: 1/1
   720 | D:2      | Reached XP level 3. HP: 27/30 MP: 2/2
   842 | D:2      | Reached skill level 1 in Dodging
   904 | D:3      | Reached XP level 4. HP: 10/36 MP: 3/3
  1170 | D:2      | Noticed Sigmund
  1309 | D:2      | Killed Sigmund
  1309 | D:2      | Reached XP level 5. HP: 32/42 MP: 4/4
  2000 | D:3      | Noticed a sky beast
  2012 | D:3      | Killed a sky beast
  2012 | D:3      | Reached XP level 6. HP: 41/48 MP: 5/5
  2056 | D:3      | Numot: idziesz jak burza ta mumia ;)
  2080 | D:3      | Malachi: taa ;)
  2080 | D:3      | Malachi: dobrze jest
  2080 | D:3      | Malachi: mam ringa regeneracji
  2080 | D:3      | Malachi: ringa na odpornosc na ogien
  2080 | D:3      | Malachi: i dobra rozdzke
  2080 | D:3      | Malachi: wand of cold
  2080 | D:3      | Malachi: to mi daje super start
  2080 | D:3      | Malachi: teraz jak nie zjebie
  2080 | D:3      | Malachi: to bedzie git :D
  2210 | D:4      | Numot: no i mumia nie je :) powodzenia
  2250 | D:4      | Malachi: o lol
  2250 | D:4      | Malachi: prawie padlem
  2250 | D:4      | Malachi: jebany kaplan ze smite
  2368 | D:4      | Reached XP level 7. HP: 23/54 MP: 6/6
  2495 | D:4      | Noticed Prince Ribbit
  2514 | D:4      | Got an ancient flail
  2515 | D:4      | Identified the +1,+5 flail "Jelly's Undoing" {antimagic, Contam rPois} (You found it on level 4 of the Dungeon)
  2515 | D:4      | Identified the +1,+5 flail "Jelly's Undoing" {antimagic, Contam rPois} (You found it on level 4 of the Dungeon)
  2665 | D:4      | Reached skill level 4 in Fighting
  2673 | D:4      | Found a glowing golden altar of the Shining One.
  3060 | D:4      | Killed Prince Ribbit
  3181 | D:4      | Found a burning altar of Makhleb.
  3209 | D:5      | Entered Level 5 of the Dungeon
  3217 | D:5      | Reached XP level 8. HP: 48/61 MP: 2/7
  3726 | D:5      | Got a shimmering steel amulet
  3727 | D:5      | Identified the amulet "Uxkomei" {Stasis rC+} (You found it on level 5 of the Dungeon)
  4053 | D:6      | Reached skill level 5 in Maces & Flails
  4384 | D:6      | Paralysed by a giant eyeball for 3 turns
  4871 | D:7      | Found a staircase to the Ecumenical Temple.
  4895 | Temple   | Entered the Ecumenical Temple
  5082 | Temple   | Became a worshipper of Warmaster Okawaru
  5237 | D:7      | Reached XP level 9. HP: 67/67 MP: 2/8
  5275 | D:7      | Reached skill level 5 in Shields
  5458 | D:7      | Reached skill level 6 in Maces & Flails
  5661 | D:7      | Noticed Duvessa
  5661 | D:7      | Noticed Dowan
  5688 | D:7      | Killed Duvessa
  5701 | D:7      | Killed Dowan
  5762 | D:7      | Acquired Okawaru's first power
  6195 | D:7      | Reached skill level 5 in Fighting
  6789 | D:7      | Reached skill level 5 in Dodging
  6924 | D:7      | Found a staircase to the Orcish Mines.
  7051 | D:8      | Reached skill level 5 in Armour
  7086 | D:8      | Found a shattered altar of Ashenzari.
  7133 | D:8      | Reached skill level 7 in Maces & Flails
  7393 | D:7      | Reached XP level 10. HP: 55/74 MP: 3/10
  7936 | D:9      | Noticed ilii's ghost (experienced DDHe)
  8074 | D:9      | Killed ilii's ghost
  8074 | D:9      | Reached skill level 8 in Maces & Flails
  8456 | D:9      | HP: 3/74 [something (1)]
  8457 | D:9      | Slain by an unseen horror

Action                   |  1- 3 |  4- 6 |  7- 9 | 10-12 || total
-------------------------+-------+-------+-------+-------++-------
Melee: Mace              |   102 |   264 |    11 |       ||   377
       Flail             |       |       |   513 |   102 ||   615
Invok: Heroism           |       |       |       |     1 ||     1
Evoke: Wand              |       |     1 |    14 |       ||    15
  Use: Scroll            |       |     7 |    12 |     3 ||    22
